 Dungeon Sprint DCSS version 0.22.1-1-ga44c0e5 (webtiles) character file.

489878 Goblin1989 the Demonic Aeon (level 19, 189/189 HPs)
             Began as a Demonspawn Monk on Oct 30, 2018.
             Was the Champion of Cheibriados.
             Escaped with the Orb!
             The game lasted 00:30:12 (1814 turns).

Goblin1989 the Demonic Aeon (Demonspawn Monk)       Turns: 1814, Time: 00:30:13

Health: 189/189    AC: 45    Str: 38    XL:     19   Next: 26%
Magic:  55/55      EV: 32    Int: 32    God:    Cheibriados [******]
Gold:   0          SH: 41    Dex: 43    Spells: 18/18 levels left

rFire    + + .     SeeInvis .   C - +9 broad axe (flame)
rCold    + . .     Gourm    .   z - +18 shield of the Gong {rElec rN+ MR+ EV-5}
rNeg     + + .     Faith    +   E - +12 gold dragon scales
rPois    +         Spirit   .   Y - +3 hat of Pondering {ponderous, MR+ MP+10 Int+5}
rElec    +         Reflect  .   O - scarf {cloud immunity}
rCorr    .         Harm     .   i - +2 pair of gloves {Str+3}
MR       +++++     NoTele   +   (no boots)
Stlth    ..........             Z - amulet "Wasairod" {Faith rN+}
HPRegen  0.41/turn              P - +6 ring of strength
MPRegen  0.34/turn              k - ring "Neisiam" {MR+++ MP+9 Str-3 Dex+4 Stlth+}

@: very slow
A: hooves 2, thin skeletal structure 3, fire resistance 1, ignite blood, powered
by death 2, flame cloud immunity
0: Orb of Zot
a: Bend Time, Temporal Distortion, Slouch, Step From Time, Renounce Religion


You escaped.
You worshipped Cheibriados.
Cheibriados was exalted by your worship.
You were completely stuffed.

You visited 1 branch

Inventory:

Hand Weapons
 u - the +8 lance "Wyrmbane" {slay drac, rPois rF+ rC+ AC+3}
   (You found it in the Dungeon)

   It affects your AC (+3).
   It protects you from fire.
   It protects you from cold.
   It protects you from poison.
 C - a +9 broad axe of flaming (weapon)
Armour
 i - a +2 pair of gloves of strength (worn)
 z - the +18 shield of the Gong (worn) {rElec rN+ MR+ EV-5}
   (You found it in the Dungeon)

   It affects your evasion (-5).
   It insulates you from electricity.
   It protects you from negative energy.
   It affects your resistance to hostile enchantments.
 E - +12 gold dragon scales (worn)
 O - a scarf of cloud immunity (worn)
 Y - the +3 hat of Pondering (worn) {ponderous, MR+ MP+10 Int+5}
   (You found it in the Dungeon)

   It affects your intelligence (+5).
   It affects your resistance to hostile enchantments.
   It affects your magic capacity (+10).
Jewellery
 k - the ring "Neisiam" (right hand) {MR+++ MP+9 Str-3 Dex+4 Stlth+}
   (You found it in the Dungeon)

   [ring of stealth]

   It affects your strength (-3).
   It affects your dexterity (+4).
   It affects your resistance to hostile enchantments.
   It affects your magic capacity (+9).
   It makes you more stealthy.
 P - a +6 ring of strength (left hand)
 Q - the ring of Olux {rF+ rN+}
   (You found it in the Dungeon)

   [ring of positive energy]

   It protects you from fire.
   It protects you from negative energy.
 X - the amulet of the Four Winds {rN+ MR+++ Clar}
   (You found it in the Dungeon)

   [amulet of nothing]

   It protects you from negative energy.
   It affects your resistance to hostile enchantments.
   It protects you against confusion.
 Z - the amulet "Wasairod" (around neck) {Faith rN+}
   (You found it in the Dungeon)

   [amulet of faith]

   It allows you to gain divine favour quickly.
   It protects you from negative energy.
Wands
 U - a wand of iceblast (3) {@v4}
 V - a wand of acid (4) {@v2}
Scrolls
 x - a scroll of brand weapon
 B - 2 scrolls of blinking
 L - 8 scrolls of fog
 R - 5 scrolls of identify {@r1}
 S - 5 scrolls of remove curse {@r3}
 T - 2 scrolls of fear
Potions
 c - 12 potions of heal wounds {@q2}
 d - 10 potions of curing {@q1}
 g - 7 potions of magic
 F - 2 potions of brilliance
 G - 2 potions of invisibility
 H - 4 potions of resistance
 J - 4 potions of agility {@q5}
 K - 4 potions of might {@q4}
Miscellaneous
 q - a lamp of fire
 r - a box of beasts
 t - a phantom mirror
 D - a fan of gales
Comestibles
 e - a ration


   Skills:
 O Level 27 Fighting
 - Level 18.0 Axes
 O Level 27 Armour
 O Level 27 Dodging
 - Level 1.7 Stealth
 + Level 26.6 Shields
 O Level 27 Invocations


You had 18 spell levels left.
You didn't know any spells.
Your spell library was empty.

Dungeon Overview and Level Annotations

Branches:
Dungeon (1/1)

Altars:
Ashenzari
Cheibriados
Dithmenos
Elyvilon
Fedhas
Gozag
Hepliaklqana
Kikubaaqudgha
Makhleb
Nemelex Xobeh
Okawaru
Qazlal
Ru
Sif Muna
Trog
Uskayaw
Vehumet
Wu Jian
Xom
Yredelemnul
Zin
The Shining One
Beogh
Jiyva
Lugonu


Innate Abilities, Weirdness & Mutations

You have hoof-like feet.
You have an unnaturally thin skeletal structure. (Dex +6, Stealth++)
Your flesh is heat resistant. (rF+)
Your demonic aura causes spilled blood to erupt in flames.
You regenerate health from kills.
You are immune to clouds of flame.


Message History

You kick the iron golem, but do no damage.
The iron golem is almost destroyed.
You slash the earth elemental! x2
You destroy the earth elemental!
Cheibriados appreciates the change of pace.
You slice the iron golem!! You slice the iron golem!!
You destroy the iron golem!
Cheibriados appreciates the change of pace.
You slash the earth elemental!
Your gold dragon scales prevents you from hitting the iron golem.
You block the iron golem's attack.
GONNNNG!
You cut the iron golem into ribbons!!!
You destroy the iron golem!
Cheibriados appreciates the change of pace.
You slice the earth elemental!!
You destroy the earth elemental!
Cheibriados appreciates the change of pace.
Unknown command.
Unknown command.
No target in view!
Unknown command.
No target in view!
Unknown command.
No target in view!
Unknown command.
No target in view!
Items here: ( [ ††† quicksilver dragon scales; a large rock {!d, @Q4}; an iron dragon corpse a quicksilver dragon corpse; a stone giant corpse You see here a large rock {!d, @Q4}.
You see here a +2 morningstar of venom.
You see here Sif Muna's Tome of Evil Stones.
N - the amulet "Yraytawe" {Gourm -Tele +Inv +Fly Slay+2} Unknown command.
You see here a crystal ball of energy.
K - 4 potions of might {@q4} (gained 1)
You see here a +1 shortbow of flaming.
You see here an uncursed staff of energy {@w2, !a, !d!a}.
You see here a +0 dagger of venom.
M - the ring "Koiss" {rPois MR- Str+4 Dex+7 Slay+3} You regained 2 mp, and now have 35/55 mp.
I - a +2 amulet of reflection You see here a book of Spatial Translocations.
You see here a +0 fustibalus of velocity.
You see here an uncursed staff of earth.
A - a +3 ring of evasion You see here an uncursed staff of earth.
You see here an uncursed amulet of harm.
You see here a +5 shortbow of velocity.
y - the cursed +3 falchion of Recklessness {elec, +Rage +Inv rC++ MR-} You see here a Young Poisoner's Handbook.
x - a scroll of brand weapon You see here an uncursed staff of earth.
You see here a +5 flail of draining.
v - the ring of Tender Moments {Wiz Int+3} You see here a crystal ball of energy.
You see here a crystal ball of energy.
You see here the cursed +2 quarterstaff of Certain Death {speed, +Inv rPois rC+
s - the +3 lajatang "Eleupti" {slice, rPois rC- Dex+8 Stlth+} You see here a +5 lajatang of electrocution.
q - a lamp of fire You see here an uncursed amulet of magic regeneration.
You see here a sack of spiders.
You see here an uncursed ring of fire.
MP restored: 55
p - the +7 dagger "Rummage" {protect, Int+4}
o - the ring of Plog {MR- Str+5 Dex+8} You see here a +5 flail of draining.
You see here an uncursed staff of earth.
There is a transporter here.
Drop what? 44/52 slots (_ for help) (? for menu, Esc to quit)
You drop the ring of Plog {MR- Str+5 Dex+8}.
You drop the +7 dagger "Rummage" {protect, Int+4}.
You drop the +3 lajatang "Eleupti" {slice, rPois rC- Dex+8 Stlth+}.
You drop the ring of Tender Moments {Wiz Int+3}.
You drop a +5 blowgun {@w1}.
You drop the cursed +3 falchion of Recklessness {elec, +Rage +Inv rC++ MR-}.
You drop a +3 ring of evasion.
You drop a +2 amulet of reflection.
You drop the ring "Koiss" {rPois MR- Str+4 Dex+7 Slay+3}.
You drop the amulet "Yraytawe" {Gourm -Tele +Inv +Fly Slay+2}.
You drop a +4 amulet of reflection.
Unknown command.
Unknown command.
Unknown command.
Unknown command.
You eat one of the 2 rations.
That ration really hit the spot!
An exit appears before you!
You enter the transporter and appear at another place.
Found a staircase leading out of the dungeon.
Unknown command.
You see here the Orb of Zot.
You pick up the Orb of Zot!
The Orb lets out a hideous shriek!
The lords of Pandemonium are not amused.
Beware!
Cheibriados tells them not to hurry.
Now all you have to do is get back out of the dungeon!
There is a staircase leading out of the dungeon here.
You have escaped!

...†.†......▓..▓.......▓..▓...8©8
†......††...▓.▓▓▓.....▓▓▓.▓..).[)
††....†.....▓..▓.......▓..▓...[|}
..†.†.......▓.............▓......
...†††......▓......©......▓......
............▓▓▓▓▓▓▓▓▓▓▓▓▓▓▓......
▓.......▓...▓8888888888888▓...)))
▓▓.....▓▓▓..▓8...........8▓..▓..)
▓.......▓...▓8..@.....©..8▓.▓.†..
............▓8...........8▓....©.
....©.......▓8888888888888▓▓▓▓▓▓▓
▓▓▓▓▓▓▓▓▓▓▓▓▓▓▓▓▓▓▓▓▓▓▓▓▓▓▓▓▓▓▓▓▓
.....8©8........▓ .......8©8.....
[....|.....).|..▓


|):[))::||"})|| ...}||.:..[...[.▓ [[)%..|.:.:..:. ..|))):..[.}....▓
[|[))|):.})}[)} ................▓ ......))|:!.... There were no monsters in
sight!

Vanquished Creatures
  2 ancient liches (D)
  A juggernaut (shapeshifter) (D)
  3 shard shrikes (shapeshifter) (D)
  An iron giant (shapeshifter) (D)
  2 liches (D)
  6 titans (D)
  An acid blob (shapeshifter) (D)
  8 quicksilver dragons (D)
  A sphinx (shapeshifter) (D)
  4 nagarajas (D)
  3 draconian monks (D)
  5 fire giants (D)
  6 frost giants (D)
  12 iron dragons (D)
  An emperor scorpion (D)
  2 draconian shifters (D)
  A draconian scorcher (D)
  3 reapers (D)
  2 ghouls (D)
  A balrug (D)
  3 draconian annihilators (D)
  20 stone giants (D)
  An entropy weaver (D)
  An entropy weaver (shapeshifter) (D)
  4 green draconians (D)
  3 yellow draconians (D)
  7 red draconians (D)
  8 vampire knights (D)
  5 white draconians (D)
  A dire elephant (D)
  10 black draconians (D)
  7 purple draconians (D)
  10 crystal guardians (D)
  5 merfolk javelineers (D)
  8 ettins (D)
  A merfolk impaler (D)
  A great orb of eyes (shapeshifter) (D)
  9 naga warriors (D)
  An ice dragon (D)
  A hydra (D)
  5 merfolk aquamancers (D)
  A satyr (D)
  2 merfolk avatars (D)
  8 anacondas (D)
  2 vampire magi (D)
  A hell hog (D)
  7 two-headed ogres (D)
  7 iron golems (D)
  2 sea snakes (D)
  A hell knight (D)
  5 skeletal warriors (D)
  2 flayed ghosts (D)
  A swamp dragon (shapeshifter) (D)
  A deep troll (shapeshifter) (D)
  A spriggan druid (D)
  A phantasmal warrior (D)
  2 orb spiders (D)
  A necromancer (D)
  2 mana vipers (shapeshifter) (D)
  5 wolf spiders (D)
  4 manticores (D)
  2 manticores (shapeshifter) (D)
  10 draconians (D)
  A faun (shapeshifter) (D)
  6 cyclopes (D)
  A moth of wrath (D)
  2 rust devils (D)
  13 naga magi (D)
  2 elephants (D)
  7 black mambas (D)
  A merfolk siren (D)
  A smoke demon (D)
  A water nymph (shapeshifter) (D)
  A gargoyle (D)
  3 water nymphs (D)
  8 guardian serpents (D)
  3 hellions (D)
  A rime drake (D)
  4 spiny frogs (D)
  A rime drake (shapeshifter) (D)
  4 tormentors (D)
  4 demonic crawlers (D)
  7 red devils (D)
  A troll (D)
  3 ice devils (D)
  4 komodo dragons (D)
  5 merfolk (D)
  9 hornets (D)
  A wind drake (D)
  A merfolk (shapeshifter) (D)
  7 jumping spiders (D)
  A hippogriff (D)
  A slime creature (shapeshifter) (D)
  A dream sheep (shapeshifter) (D)
  10 redbacks (D)
  A raiju (D)
  4 spriggans (D)
  3 flying skulls (D)
  8 tarantellas (D)
  2 snapping turtles (D)
  2 redbacks (shapeshifter) (D)
  10 shadows (D)
  4 vampires (D)
  5 wraiths (D)
  2 wyverns (D)
  A basilisk (D)
  A golden eye (shapeshifter) (D)
  8 nagas (D)
  A floating eye (shapeshifter) (D)
  5 hell hounds (D)
  A porcupine (D)
  13 water moccasins (D)
  An ice beast (D)
  A black bear (D)
  3 necrophages (D)
  A phantom (D)
  An ogre (D)
  A wolf (D)
  2 crocodiles (D)
  11 earth elementals (D)
  A small abomination (D)
  7 wights (D)
  2 quasits (D)
  2 orc priests (D)
  An orc wizard (D)
  3 iron imps (D)
  2 iguanas (D)
  4 adders (D)
  5 shadow imps (D)
  2 white imps (D)
  2 ufetubi (D)
  7 adder zombies (D)
  2 adder skeletons (D)
  An orc (D)
  9 bat skeletons (D)
  10 bat zombies (D)
  3 ball pythons (D)
  A ball python skeleton (D)
  A ball python zombie (D)
  4 giant cockroach zombies (D)
  A jackal skeleton (D)
  3 leopard gecko skeletons (D)
  2 leopard gecko zombies (D)
  2 quokka zombies (D)
528 creatures vanquished.

Vanquished Creatures (others)
  A yellow draconian (D)
1 creature vanquished.

Grand Total: 529 creatures vanquished

Notes
Turn   | Place    | Note
-------+----------+-------------------------------------------
     0 | D        | Found the +6 Majin-Bo {vamp, Archmagi MP+6 Int+6}
     0 | D        | Found the +7 great mace "Firestarter" {inner flame, rF++}
     0 | D        | Goblin1989 the Demonspawn Monk began the quest for the Orb.
     0 | D        | Reached XP level 1. HP: 18/18 MP: 1/1
     0 | D        | Found a blossoming altar of Fedhas.
     1 | D        | Found a transporter.
     1 | D        | Found a viscous altar of Jiyva.
     1 | D        | Found an ancient bone altar of Kikubaaqudgha.
     1 | D        | Found a hazy altar of Hepliaklqana.
     1 | D        | Found a corrupted altar of Lugonu.
     1 | D        | Found an opulent altar of Gozag.
     1 | D        | Found a burning altar of Makhleb.
    16 | D        | Became a worshipper of Cheibriados the Contemplative
    16 | D        | Reached * piety under Cheibriados
    16 | D        | Reached ** piety under Cheibriados
    29 | D        | Found a deep blue altar of Sif Muna.
    29 | D        | Found a sacrificial altar of Ru.
    29 | D        | Found a bloodstained altar of Trog.
    29 | D        | Found a stormy altar of Qazlal.
    29 | D        | Found an iron altar of Okawaru.
    29 | D        | Found a sparkling altar of Nemelex Xobeh.
    47 | D        | Found the +9 heavy crossbow "Sniper" {velocity, Acc+∞ SInv}
    47 | D        | Found the +10 dark maul {crush}
    47 | D        | Found the +15 Maxwell's patent armour {-Cast -Tele rElec
                  | MR+ rCorr}
    47 | D        | Found the +18 shield of the Gong {rElec rN+ MR+ EV-5}
    47 | D        | Found the cursed +14 obsidian axe {chop, +Fly SInv *Curse}
    49 | D        | Found the +6 shillelagh "Devastator" {shatter}
    49 | D        | Found the +11 plutonium sword {*Contam Stlth-}
    49 | D        | Found the +8 lance "Wyrmbane" {slay drac, rPois rF+ rC+
                  | AC+3}
    49 | D        | Found the +9 sword of Zonguldrok {reap}
    49 | D        | Found the cursed +13 scythe of Curses {drain, *Curse}
    49 | D        | Found the +0 sword of Power
    49 | D        | Found the +7 mace of Variability {chain chaos}
    49 | D        | Found the +7 Singing Sword
    49 | D        | Found the +7 longbow "Piercer" {penet, EV-2}
    99 | D        | Gained mutation: You regenerate a little health from kills.
                  | [demonic ancestry]
    99 | D        | Reached XP level 2. HP: 25/25 MP: 1/5
   146 | D        | Entered arena 2.
   146 | D        | Found a transporter.
   151 | D        | Reached skill level 5 in Invocations
   160 | D        | Got the +6 scimitar "Demonslayer" {pain, *Drain rPois MR+
                  | Str+2}
   189 | D        | Entered arena 3.
   189 | D        | Noticed a porcupine
   189 | D        | Found a transporter.
   190 | D        | Found the +3 hat of Pondering {ponderous, MR+ MP+10 Int+5}
   191 | D        | Killed a porcupine
   191 | D        | Reached skill level 5 in Axes
   191 | D        | Reached XP level 3. HP: 22/32 MP: 6/8
   191 | D        | Gained mutation: Your flesh is heat resistant. (rF+)
                  | [demonic ancestry]
   191 | D        | Reached XP level 4. HP: 27/38 MP: 6/9
   191 | D        | Reached *** piety under Cheibriados
   191 | D        | Reached XP level 5. HP: 30/43 MP: 6/10
   193 | D        | Reached skill level 5 in Fighting
   198 | D        | Got the +6 trident "Nuyph" {vamp, rN+}
   207 | D        | Entered arena 4.
   207 | D        | Found a transporter.
   209 | D        | Reached **** piety under Cheibriados
   209 | D        | Reached skill level 5 in Dodging
   289 | D        | Entered arena 5.
   289 | D        | Noticed a smoke demon
   289 | D        | Found a transporter.
   291 | D        | Gained mutation: You are immune to clouds of flame.
                  | [demonic ancestry]
   291 | D        | Reached XP level 6. HP: 51/51 MP: 12/12
   292 | D        | Killed a smoke demon
   292 | D        | Reached ***** piety under Cheibriados
   292 | D        | Reached skill level 10 in Invocations
   292 | D        | Gained mutation: You regenerate health from kills. [demonic
                  | ancestry]
   292 | D        | Reached XP level 7. HP: 58/58 MP: 14/14
   417 | D        | Entered arena 6.
   417 | D        | Noticed a draconian
   417 | D        | Noticed a draconian
   417 | D        | Noticed a draconian
   417 | D        | Noticed a draconian
   417 | D        | Noticed a draconian
   417 | D        | Found a transporter.
   422 | D        | Killed a draconian
   422 | D        | Reached skill level 5 in Armour
   422 | D        | Reached skill level 5 in Shields
   424 | D        | Killed a draconian
   424 | D        | Reached XP level 8. HP: 67/67 MP: 10/17
   430 | D        | Killed a draconian
   432 | D        | Killed a draconian
   432 | D        | Reached skill level 10 in Axes
   432 | D        | Reached XP level 9. HP: 74/74 MP: 11/18
   433 | D        | Killed a draconian
   438 | D        | Got the amulet "Wasairod" {Faith rN+}
   508 | D        | Entered arena 7.
   508 | D        | Noticed a draconian
   508 | D        | Noticed a draconian
   508 | D        | Noticed a draconian
   508 | D        | Noticed a draconian
   508 | D        | Noticed a red draconian
   508 | D        | Noticed a draconian
   511 | D        | Found a transporter.
   517 | D        | Killed a red draconian
   518 | D        | Killed a draconian
   520 | D        | Killed a draconian
   520 | D        | Gained mutation: Your demonic aura causes spilled blood to
                  | erupt in flames. [demonic ancestry]
   520 | D        | Reached XP level 10. HP: 65/82 MP: 21/21
   520 | D        | Killed a draconian
   520 | D        | Reached skill level 15 in Invocations
   521 | D        | Killed a draconian
   524 | D        | Killed a draconian
   524 | D        | Reached ****** piety under Cheibriados
   531 | D        | Got the cursed +2 rapier "Reasch" {flame, *Rage +Inv rC+
                  | Stlth+}
   545 | D        | Entered arena 8.
   546 | D        | Found a transporter.
   557 | D        | Got the +1 triple sword of the Crawling Thing {venom, Int+3
                  | Dex+2}
   560 | D        | Entered arena 9.
   560 | D        | Noticed a spriggan rider
   560 | D        | Noticed a spriggan druid
   562 | D        | Killed a spriggan druid
   563 | D        | Found a transporter.
   576 | D        | Entered arena 10.
   577 | D        | Found a transporter.
   597 | D        | Entered arena 11.
   600 | D        | Found a transporter.
   607 | D        | Got the +8 short sword of Innocence {venom, +Fly rElec}
   610 | D        | Got the +4 long sword of the Messenger {slice, +Blink MR+
                  | Int+3}
   612 | D        | Entered arena 12.
   613 | D        | Noticed an ice dragon
   613 | D        | Noticed a reaper
   614 | D        | Reached skill level 10 in Fighting
   615 | D        | Reached XP level 11. HP: 90/90 MP: 23/23
   617 | D        | Found a transporter.
   619 | D        | Killed an ice dragon
   622 | D        | Killed a reaper
   632 | D        | Entered arena 13.
   632 | D        | Noticed a naga warrior
   632 | D        | Noticed a naga warrior
   633 | D        | Noticed an anaconda
   637 | D        | Killed an anaconda
   637 | D        | Reached skill level 10 in Dodging
   638 | D        | Found a transporter.
   643 | D        | Killed a naga warrior
   644 | D        | Killed a naga warrior
   652 | D        | Got the cursed +1 short sword "Gaefof" {venom, rC+}
   656 | D        | Got the amulet "Pacver" {Acrobat rPois Str-4 Stlth+}
   670 | D        | Entered arena 14.
   671 | D        | Noticed a wolf spider
   671 | D        | Noticed a wolf spider
   671 | D        | Noticed an orb spider
   672 | D        | Noticed a wolf spider
   673 | D        | Reached skill level 10 in Armour
   673 | D        | Reached skill level 10 in Shields
   674 | D        | Killed a wolf spider
   678 | D        | Killed a wolf spider
   678 | D        | Reached XP level 12. HP: 91/100 MP: 25/25
   680 | D        | Found a transporter.
   704 | D        | Entered arena 15.
   708 | D        | Found a transporter.
   734 | D        | Got the cursed ring "Misuna" {rC+ EV-3}
   739 | D        | Entered arena 16.
   740 | D        | Noticed a two-headed ogre
   740 | D        | Noticed a stone giant
   740 | D        | Noticed a frost giant
   740 | D        | Noticed a stone giant
   740 | D        | Noticed a two-headed ogre
   740 | D        | Noticed a two-headed ogre
   740 | D        | Noticed a two-headed ogre
   740 | D        | Noticed a two-headed ogre
   740 | D        | Noticed a two-headed ogre
   740 | D        | Noticed a two-headed ogre
   741 | D        | Noticed a stone giant
   743 | D        | Killed a two-headed ogre
   747 | D        | Killed a two-headed ogre
   747 | D        | Reached skill level 15 in Axes
   748 | D        | Killed a two-headed ogre
   748 | D        | Killed a frost giant
   750 | D        | Killed a two-headed ogre
   750 | D        | Killed a stone giant
   753 | D        | Killed a stone giant
   754 | D        | Killed a two-headed ogre
   756 | D        | Killed a stone giant
   756 | D        | Killed a two-headed ogre
   756 | D        | Gained mutation: You have large cloven feet. [demonic
                  | ancestry]
   756 | D        | Reached XP level 13. HP: 109/109 MP: 27/27
   759 | D        | Found a transporter.
   766 | D        | Got the +8 hunting sling of Irritation {venom, rC- MR++
                  | Str+3}
   777 | D        | Got the +0 buckler of Anayhap {rC+ rN+ Int+3 Stlth+}
   781 | D        | Entered arena 17.
   784 | D        | Noticed a merfolk javelineer
   784 | D        | Noticed a merfolk javelineer
   784 | D        | Noticed a merfolk javelineer
   791 | D        | Killed a merfolk javelineer
   792 | D        | Found a transporter.
   793 | D        | Killed a merfolk javelineer
   793 | D        | Killed a merfolk javelineer
   809 | D        | Entered arena 18.
   812 | D        | Noticed a merfolk impaler
   812 | D        | Noticed a merfolk javelineer
   812 | D        | Noticed a merfolk javelineer
   816 | D        | Killed a merfolk impaler
   817 | D        | Killed a merfolk javelineer
   817 | D        | Killed a merfolk javelineer
   855 | D        | Found a transporter.
   857 | D        | Got the +9 broad axe "Qumoaj" {freeze, rF- MR+ Int+3 Dex+8}
   862 | D        | Got the ring "Mufonnewony" {Fire Str+2 Int+6}
   885 | D        | Entered arena 19.
   888 | D        | Noticed a reaper
   890 | D        | Reached XP level 14. HP: 37/120 MP: 29/29
   891 | D        | Killed a reaper
   893 | D        | Found a transporter.
   908 | D        | Got the +9 rapier of Corporal Punishment {antimagic, rC++
                  | Str+4}
   926 | D        | Entered arena 20.
   931 | D        | Noticed an emperor scorpion
   931 | D        | Noticed an entropy weaver
   935 | D        | Killed an entropy weaver
   941 | D        | Killed an emperor scorpion
   942 | D        | Found a transporter.
   951 | D        | Got the cursed +0 rapier "Etuloyvoga" {flame, rF+++ MR+++
                  | Str+4 Dex-2}
   953 | D        | Got the cursed +1 whip "Plog" {vamp, rN+ MR+ Int-3 Dex+10}
   964 | D        | Got the ring "Neisiam" {MR+++ MP+9 Str-3 Dex+4 Stlth+}
   969 | D        | Entered arena 21.
   973 | D        | Noticed a shard shrike
   973 | D        | Noticed a shard shrike
   973 | D        | Noticed a titan
   973 | D        | a shard shrike changed into a titan
   973 | D        | Noticed a juggernaut
   973 | D        | a shard shrike changed into a juggernaut
   973 | D        | Noticed a golden dragon
   974 | D        | Noticed a shard shrike
   974 | D        | Noticed a glowing shapeshifter
   974 | D        | Noticed an iron giant
   974 | D        | a glowing shapeshifter changed into an iron giant
   974 | D        | Noticed an iron dragon
   974 | D        | a golden dragon changed into an iron dragon
   974 | D        | Noticed an entropy weaver
   974 | D        | a tyrant leech changed into an entropy weaver
   974 | D        | Noticed a shard shrike
   975 | D        | Killed a shard shrike
   975 | D        | Noticed a shard shrike
   975 | D        | a titan changed into a shard shrike
   976 | D        | Reached skill level 15 in Fighting
   976 | D        | Killed a shard shrike
   976 | D        | Noticed a titan
   977 | D        | Killed an entropy weaver
   977 | D        | Killed a shard shrike
   977 | D        | Noticed a juggernaut
   977 | D        | a titan changed into a juggernaut
   978 | D        | Killed a juggernaut
   978 | D        | Reached skill level 15 in Dodging
   978 | D        | Gained mutation: You have a somewhat thin skeletal
                  | structure. (Dex +2, Stealth) [demonic ancestry]
   978 | D        | Reached XP level 15. HP: 131/131 MP: 25/32
   978 | D        | Noticed a titan
   978 | D        | an iron dragon changed into a titan
   979 | D        | Noticed a titan
   979 | D        | a juggernaut changed into a titan
   980 | D        | Noticed a shard shrike
   980 | D        | a titan changed into a shard shrike
   981 | D        | Noticed an iron giant
   981 | D        | a titan changed into an iron giant
   981 | D        | Noticed an acid blob
   981 | D        | a shard shrike changed into an acid blob
   982 | D        | Killed an iron giant
   982 | D        | Reached skill level 15 in Armour
   982 | D        | Reached skill level 15 in Shields
   982 | D        | Noticed a golden dragon
   982 | D        | an iron giant changed into a golden dragon
   985 | D        | Killed an acid blob
   985 | D        | Reached skill level 27 in Invocations
   986 | D        | Found a transporter.
   986 | D        | Noticed a shadow dragon
   986 | D        | a golden dragon changed into a shadow dragon
   987 | D        | Noticed a golden dragon
   987 | D        | a shadow dragon changed into a golden dragon
   988 | D        | Noticed a sphinx
   988 | D        | a golden dragon changed into a sphinx
   990 | D        | a sphinx changed into an alligator snapping turtle
   991 | D        | Noticed a shadow dragon
   991 | D        | an alligator snapping turtle changed into a shadow dragon
   996 | D        | Noticed an iron dragon
   996 | D        | a shadow dragon changed into an iron dragon
  1000 | D        | Noticed an iron giant
  1000 | D        | an iron dragon changed into an iron giant
  1002 | D        | Noticed a golden dragon
  1002 | D        | an iron giant changed into a golden dragon
  1009 | D        | Noticed a sphinx
  1009 | D        | a golden dragon changed into a sphinx
  1012 | D        | Killed a sphinx
  1017 | D        | Got the +5 short sword of Dung {pain, SInv}
  1037 | D        | Got the +8 hand crossbow "Jyqec" {elec, Int+5 Dex+2}
  1043 | D        | Got the cursed +0 robe of Action {rElec MR+ Str+3}
  1086 | D        | Entered arena 22.
  1093 | D        | Found the amulet of the Four Winds {rN+ MR+++ Clar}
  1100 | D        | Found a transporter.
  1108 | D        | Got the +6 morningstar of the Lamprey {venom, rPois rN++}
  1111 | D        | Got the cursed +0 morningstar "Ulepnoij" {crush, MR+ Str+4
                  | Stlth+}
  1121 | D        | Got the ring of Olux {rF+ rN+}
  1134 | D        | Got the +10 rapier of the Middle {freeze, rElec rF- Str+2
                  | Int+3}
  1139 | D        | Entered arena 23.
  1145 | D        | Noticed a fire giant
  1145 | D        | Noticed a titan
  1145 | D        | Noticed a frost giant
  1145 | D        | Noticed a fire giant
  1145 | D        | Noticed a titan
  1145 | D        | Noticed a frost giant
  1145 | D        | Noticed a frost giant
  1145 | D        | Noticed a fire giant
  1145 | D        | Noticed a titan
  1145 | D        | Noticed a frost giant
  1145 | D        | Noticed a frost giant
  1145 | D        | Noticed a fire giant
  1145 | D        | Noticed a titan
  1145 | D        | Noticed a fire giant
  1145 | D        | Noticed a titan
  1146 | D        | Noticed a titan
  1147 | D        | Found the +3 warlock's mirror {reflect}
  1154 | D        | Killed a fire giant
  1154 | D        | Killed a fire giant
  1155 | D        | Killed a titan
  1155 | D        | Killed a frost giant
  1155 | D        | Killed a frost giant
  1155 | D        | Killed a frost giant
  1155 | D        | Killed a frost giant
  1155 | D        | Killed a fire giant
  1155 | D        | Killed a titan
  1157 | D        | Killed a fire giant
  1159 | D        | Killed a frost giant
  1159 | D        | Gained mutation: You have hoof-like feet. [demonic
                  | ancestry]
  1159 | D        | Reached XP level 16. HP: 86/147 MP: 20/33
  1161 | D        | Killed a titan
  1161 | D        | Killed a titan
  1162 | D        | Killed a titan
  1162 | D        | Killed a titan
  1169 | D        | Got the ring of Joitug Goegh {rElec Int-4 Slay+2 SInv}
  1174 | D        | Found a transporter.
  1181 | D        | Got the +9 plate armour of the Tundras {*Corrode Str+3
                  | Slay+3}
  1185 | D        | Got the ring "Laruzang" {rPois EV+3}
  1189 | D        | Got the ring of Recklessness {*Corrode rElec Dex+2 SInv}
  1219 | D        | Got the cursed +3 short sword of Onamyw {freeze, +Blink rF-
                  | MP+9 Stlth+}
  1276 | D        | Entered arena 24.
  1282 | D        | Noticed a lich
  1285 | D        | Noticed a lich
  1286 | D        | Killed a lich
  1289 | D        | Killed a lich
  1297 | D        | Found a transporter.
  1309 | D        | Got the +5 spear "Plog" {antimagic, Int+4 Dex+4}
  1320 | D        | Got the ring "Naassuto" {rElec MP+9 Str+2 Int+6 Dex-3
                  | Slay+3}
  1331 | D        | Got the +6 flail of Integrity {freeze, rC+ Int+4 Dex+4}
  1341 | D        | Got the ring "Ylehoxt" {*Drain rPois MR- Str+7 Int+2}
  1350 | D        | Entered arena 25.
  1362 | D        | Reached XP level 17. HP: 76/164 MP: 23/34
  1385 | D        | Got the ring "Zuiggak" {*Contam +Inv Int+5 SInv}
  1392 | D        | Found a transporter.
  1496 | D        | Entered arena 26.
  1506 | D        | Noticed an ancient lich
  1510 | D        | Noticed an ancient lich
  1515 | D        | Killed an ancient lich
  1537 | D        | Killed an ancient lich
  1537 | D        | Gained mutation: You have a moderately thin skeletal
                  | structure. (Dex +4, Stealth+) [demonic ancestry]
  1537 | D        | Reached XP level 18. HP: 181/181 MP: 35/35
  1543 | D        | Got the +3 great sword "Qejaufil" {drain, Fragile Dex+7}
  1549 | D        | Got the cursed +0 mace of Departure {flame, +Inv rPois
                  | Dex+4}
  1549 | D        | Got the cursed +1 scale mail of Zeidameq {rPois}
  1551 | D        | Found a transporter.
  1558 | D        | Got the +10 halberd of Starshine {chop, rElec Stlth+}
  1611 | D        | Entered arena 27.
  1622 | D        | Reached skill level 27 in Fighting
  1628 | D        | Reached skill level 27 in Dodging
  1643 | D        | Found a transporter.
  1651 | D        | Got the ring "Muoriedgh" {*Corrode rF+ Int+3 SInv}
  1666 | D        | Entered arena 28.
  1677 | D        | Reached skill level 27 in Armour
  1696 | D        | Gained mutation: You have an unnaturally thin skeletal
                  | structure. (Dex +6, Stealth++) [demonic ancestry]
  1696 | D        | Reached XP level 19. HP: 189/189 MP: 15/36
  1736 | D        | Found a transporter.
  1741 | D        | Got the amulet "Yraytawe" {Gourm -Tele +Inv +Fly Slay+2}
  1749 | D        | Got the ring "Koiss" {rPois MR- Str+4 Dex+7 Slay+3}
  1761 | D        | Got the cursed +3 falchion of Recklessness {elec, +Rage
                  | +Inv rC++ MR-}
  1769 | D        | Got the ring of Tender Moments {Wiz Int+3}
  1774 | D        | Got the +3 lajatang "Eleupti" {slice, rPois rC- Dex+8
                  | Stlth+}
  1783 | D        | Got the +7 dagger "Rummage" {protect, Int+4}
  1785 | D        | Got the ring of Plog {MR- Str+5 Dex+8}
  1809 | D        | Got the Orb of Zot
  1814 | D        | Escaped with the Orb!

Skill      XL: |  1  2  3  4  5  6  7  8  9 10 11 12 13 14 15 16 17 18 19 |
---------------+----------------------------------------------------------+-----
Axes           | 4 5 6 7 9 10 11 12 14 15 17 18 | 18.0
Armour         | 2 3 4 5 6 7 8 10 11 12 14 18 21 24 27 | 27.0
Dodging        | 3 4 5 6 7 8 9 10 11 13 15 19 22 25 27 | 27.0
Shields        | 2 3 4 5 6 7 8 10 11 12 14 15 23 26 | 26.6
Invocations    | 4 7 8 10 12 13 14 16 18 20 23 26 27 | 27.0
Fighting       | 4 5 6 7 8 10 11 12 14 16 19 23 26 27 | 27.0
Stealth        | |  1.7

Action                   |  1- 3 |  4- 6 |  7- 9 | 10-12 | 13-15 | 16-18 | 19-21 || total
-------------------------+-------+-------+-------+-------+-------+-------+-------++-------
Melee: Hand axe          |     4 |     1 |    10 |       |       |       |       ||    15
       Broad axe         |       |       |    13 |    65 |    45 |    64 |    36 ||   223
       Kick              |       |       |       |       |    29 |    31 |    20 ||    80
Invok: Slouch            |       |       |     3 |    10 |    31 |    42 |       ||    86
       Bend Time         |       |       |       |       |       |     1 |       ||     1
Evoke: Wand              |     1 |     5 |     1 |       |       |       |       ||     7
  Use: Potion            |     3 |       |     2 |       |     6 |       |       ||    11
       Scroll            |       |       |       |     2 |     6 |    15 |       ||    23
  Eat: Ration            |       |       |       |       |     3 |     3 |     1 ||     7
Armor: Gold dragon scale |     5 |     1 |     9 |    33 |    22 |    31 |     9 ||   110
Dodge: Dodged            |     1 |     1 |     7 |    27 |    19 |   101 |    20 ||   176
Block: Shield            |     1 |     1 |    49 |   146 |    84 |   165 |    61 ||   507

Vault maps used:
D:        sprint_v
